 Dungeon Crawl Stone Soup version 0.27.0-1-g7a089689b8 (webtiles) character file.

Game seed: 13934072912816276345

67 SnakkuSnakku7 the Caller (level 3, -1/26 HPs)
             Began as a Demigod Summoner on Aug 2, 2021.
             Succumbed to an adder's poison
             ... on level 2 of the Dungeon.
             The game lasted 00:02:34 (2740 turns).

SnakkuSnakku7 the Caller (Demigod Summoner)         Turns: 2740, Time: 00:02:35

Health: -1/26      AC:  2    Str:  9    XL:     3   Next: 70%
Magic:  8/8        EV: 12    Int: 21    God:
Gold:   39         SH:  0    Dex: 14    Spells: 1/5 levels left

rFire    . . .     SeeInvis .   f - +4 dagger
rCold    . . .     Faith    .   (no shield)
rNeg     . . .     Spirit   .   a - +0 robe
rPois    .         Reflect  .   (no helmet)
rElec    .         Harm     .   (no cloak)
rCorr    .         Rampage  .   (no gloves)
Will     .....                  (no boots)
Stlth    ++........             (no amulet)
HPRegen  0.08/turn              (no ring)
MPRegen  0.11/turn              (no ring)

@: lethally poisoned (-1 -> -7)
A: high mp 1, forlorn
a: no special abilities


You were on level 2 of the Dungeon.
You visited 1 branch of the dungeon, and saw 2 of its levels.

You collected 39 gold pieces.

Inventory:

Hand Weapons
 d - a +0 dagger
 f - a +4 dagger (weapon)
Missiles
 g - 30 poisoned darts
Armour
 a - a +0 robe (worn)
Scrolls
 b - a scroll of immolation {unknown}
 e - 4 scrolls of teleportation {unknown}
 j - 2 scrolls of identify {unknown}
Potions
 c - a potion of magic
 h - a potion of curing {unknown}
 i - a potion of attraction {unknown}
 k - a potion of resistance {unknown}
 l - 2 potions of heal wounds {unknown}


   Skills:
 - Level 1.7 Dodging
 - Level 1.7 Stealth
 - Level 1.7 Spellcasting
 + Level 5.1 Summonings


You had one spell level left.
You knew the following spells:

 Your Spells              Type           Power      Damage    Failure   Level
a - Summon Small Mammal   Summ           92%        N/A       1%          1
z - Call Canine Familiar  Summ           23%        N/A       5%          3

Your spell library contained the following spells:

 Spells                   Type           Power      Damage    Failure   Level
 Call Imp                 Summ           23%        N/A       2%          2
 Summon Guardian Golem    Hex/Summ       12%        N/A       16%         3
 Summon Lightning Spire   Summ/Air       12%        N/A       45%         4


Dungeon Overview and Level Annotations

Branches:
Dungeon (2/15)


Innate Abilities, Weirdness & Mutations

Your attributes grow dramatically as you level up.
You have an increased reservoir of magic. (+10% MP)
You shall have no god before yourself.


Message History

You hit the adder.
The adder is heavily wounded.
The adder misses you.
You barely miss the adder.
The adder is heavily wounded.
The adder closely misses you.
You completely miss the adder.
The adder is heavily wounded.
The adder completely misses you. The adder bites you.
You hit the adder.
The adder is severely wounded.
The adder bites you.
You closely miss the adder.
The adder is severely wounded.
The adder closely misses you.
You miss the adder.
The adder is severely wounded.
The adder closely misses you. The adder bites you.
You are poisoned.
The adder poisons you!
You hit the adder but do no damage.
The adder is severely wounded.
You feel sick. The adder barely misses you.
You hit the adder.
The adder is severely wounded.
You feel sick. The adder misses you.
You hit the adder but do no damage.
The adder is severely wounded.
You feel sick. The adder barely misses you. The adder bites you.
* * * LOW HITPOINT WARNING * * *
You are lethally poisoned!
The adder poisons you!
You closely miss the adder.
The adder is severely wounded.
* * * LOW HITPOINT WARNING * * *
You feel sick. The adder bites you.
* * * LOW HITPOINT WARNING * * *
Unknown command.
It was a potion of magic.
Magic courses through your body.
You die...

...# # #. # ...# .#
#. ##. ..# ..# #
#.##.. ..##.. #
###....### #... #
.........###.# #
#...†#.....##########
#...S).#......).....)
#.(.@>###############
##.†..# #..##..# #..
##.# #.. ... #..#
.... ### ......
...... ......


You could see an adder.

Vanquished Creatures
  2 dart slugs (D:1)
  An orc (D:2)
  2 bats
  2 endoplasms (D:1)
  A giant cockroach (D:2)
  7 goblins
  3 hobgoblins
  10 jackals
  3 quokkas
  4 ball pythons
  3 frilled lizards
  5 kobolds
  4 rats (D:1)
47 creatures vanquished.

Vanquished Creatures (collateral kills)
  A worm (D:2)
  An endoplasm (D:1)
  2 goblins (D:1)
4 creatures vanquished.

Grand Total: 51 creatures vanquished

Notes
Turn   | Place    | Note
-------+----------+-------------------------------------------
     0 | D:1      | SnakkuSnakku7 the Demigod Summoner began the quest for the
                  | Orb.
     0 | D:1      | Reached XP level 1. HP: 14/14 MP: 5/5
   487 | D:1      | Reached skill level 4 in Summonings
   984 | D:1      | Reached XP level 2. HP: 20/20 MP: 7/7
  1905 | D:1      | Reached XP level 3. HP: 21/26 MP: 8/8
  1909 | D:1      | Learned a level 3 spell: Call Canine Familiar
  2557 | D:2      | Reached skill level 5 in Summonings
  2739 | D:2      | HP: 1/26 [adder (1)]
  2740 | D:2      | Succumbed to an adder's poison

Illustrated notes

Levels and vault maps discovered:
D:1:      minmay_arrival_plants_in_alcoves, layout_loops_cross,
          ebering_ecumenical_altar_sacrificial
D:2:      layout_rooms, kennysheep_generic_room_11

Skill      XL: |  1  2  3 |
---------------+----------+-----
Summonings     | 4 5 |  5.1
Dodging        | |  1.7
Stealth        | |  1.7
Spellcasting   | |  1.7

Action                   || total
-------------------------++-------
Melee: Dagger            ||   169
       Unarmed           ||    18
 Cast: Summon Small Mamm ||     6
       Call Canine Famil ||     1
  Use: Potion            ||     1
 Stab: Sleeping          ||     5
       Distracted        ||     1
Armor: Robe              ||    26
Dodge: Dodged            ||   113
